 Dungeon Crawl Stone Soup version 0.27-a0-869-g165b36e3f0 (webtiles) character file.

Game seed: 17749549270894769597

7268 mhtbhm the Blocker (level 11, -3/66 HPs)
             Began as a Gargoyle Fighter on Apr 2, 2021.
             Was a Priest of Okawaru.
             Slain by a yak (4 damage)
             ... on level 9 of the Dungeon.
             The game lasted 00:12:18 (10501 turns).

mhtbhm the Blocker (Gargoyle Fighter)              Turns: 10501, Time: 00:12:18

Health: -3/66      AC: 19    Str: 26    XL:     11   Next: 12%
Magic:  11/11      EV: 10    Int:  6    God:    Okawaru [***...]
Gold:   572        SH: 12    Dex: 11    Spells: 10/10 levels left

rFire    . . .     SeeInvis .   a - +7 broad axe "Semajeri" {flame, Str+3 Int-3 Dex+2}
rCold    . . .     Faith    .   c - +0 kite shield
rNeg     + . .     Spirit   .   b - +1 scale mail
rPois    ∞         Reflect  .   (no helmet)
rElec    +         Harm     .   x - +0 cloak
rCorr    .         Rampage  .   (no gloves)
Will     +....                  u - +0 pair of boots
Stlth    ..........             k - amulet of the acrobat
HPRegen  0.21/turn              j - ring of willpower
MPRegen  0.12/turn              q - ring of flight

@: flying
A: AC +8, negative energy resistance 1, electricity resistance, torment
resistance 1, unbreathing 1, petrification resistance
a: Renounce Religion, Heroism


You were on level 9 of the Dungeon.
You worshipped Okawaru.
Okawaru was most pleased with you.
You visited 2 branches of the dungeon, and saw 10 of its levels.

You collected 572 gold pieces.

Inventory:

Hand Weapons
 a - the +7 broad axe "Semajeri" (weapon) {flame, Str+3 Int-3 Dex+2}
   (You found it on level 7 of the Dungeon)

   It has been specially enchanted to burn those struck by it, causing extra
   injury to most foes and up to half again as much damage against particularly
   susceptible opponents.
   Big, fiery blades are also staple armaments of hydra-hunters.
   It affects your strength (+3).
   It affects your intelligence (-3).
   It affects your dexterity (+2).
Missiles
 d - 45 poisoned darts (quivered)
 C - a curare-tipped dart
Armour
 b - a +1 scale mail (worn)
 c - a +0 kite shield (worn)
 u - a +0 pair of boots (worn)
 x - a +0 cloak (worn)
Jewellery
 j - a ring of willpower (left hand)
 k - an amulet of the acrobat (around neck)
 q - a ring of flight (right hand)
 E - an amulet of guardian spirit
Wands
 h - a wand of acid (5)
 t - a wand of iceblast (8)
 v - a wand of random effects (5)
Scrolls
 e - a scroll of magic mapping
 g - a scroll of enchant armour
 i - a scroll of enchant weapon
 m - a scroll of torment
 n - a scroll of noise
 o - a scroll of summoning
 p - a scroll of amnesia {unknown}
 r - a scroll of blinking {unknown}
 s - a scroll of immolation {unknown}
 w - a scroll of fear {unknown}
 y - 2 scrolls of teleportation {unknown}
 D - a scroll of vulnerability {unknown}
Potions
 f - 3 potions of flight
 l - a potion of mutation {unknown}
 z - a potion of magic {unknown}
 A - a potion of lignification {unknown}
 B - 2 potions of brilliance
 F - a potion of curing


   Skills:
 + Level 6.6 Fighting
 + Level 8.0(9.2) Axes
 + Level 7.6(9.5) Maces & Flails
 + Level 0.1 Throwing
 + Level 8.0 Armour
 + Level 3.6 Dodging
 + Level 1.7 Stealth
 + Level 8.8 Shields


You had 10 spell levels left.
You didn't know any spells.
Your spell library contained the following spells:

 Spells                   Type           Power      Damage    Failure   Level
 Freeze                   Ice            0%         1d3       92%         1
 Magic Dart               Conj           0%         1d3       92%         1
 Blink                    Tloc           N/A        N/A       98%         2
 Call Imp                 Summ           0%         N/A       98%         2
 Searing Ray              Conj           0%         3d3       98%         2
 Slow                     Hex            0%         N/A       98%         2
 Conjure Flame            Conj/Fire      0%         6-21      100%        3
 Dazzling Flash           Conj/Hex       0%         N/A       100%        3
 Frozen Ramparts          Ice            0%         1d2       100%        3
 Mephitic Cloud           Conj/Pois/Air  0%         N/A       100%        3
 Ozocubu's Armour         Ice            0%         N/A       100%        3
 Fulminant Prism          Conj/Hex       0%         3d6       100%        4
 Hailstorm                Conj/Ice       0%         3d3       100%        4
 Iskenderun's Mystic Bla  Conj/Tloc      0%         2d3       100%        4
 Summon Ice Beast         Ice/Summ       0%         N/A       100%        4


Dungeon Overview and Level Annotations

Branches:
Dungeon (9/15)             Temple (1/1) D:5
   Lair: D:8-11         Orc: D:9-12

Altars:
Ashenzari
Cheibriados
Dithmenos
Elyvilon
Fedhas
Gozag
Hepliaklqana
Kikubaaqudgha
Makhleb
Nemelex Xobeh
Okawaru
Qazlal
Sif Muna
Trog
Uskayaw
Wu Jian
Yredelemnul
Zin
The Shining One

Shops:
D:1 (=   D:4 *   D:7 !


Innate Abilities, Weirdness & Mutations

Your stone body is resilient. (AC +8)
You are immune to poison.
You resist negative energy. (rN+)
You are resistant to electric shocks. (rElec)
You are resistant to unholy torment.
You can survive without breathing.
You are immune to petrification.


Message History

No target in view!
No target in view!
No target in view!
No target in view!
No target in view!
No target in view!
No target in view!
You now have 572 gold pieces (gained 16).
A yak comes into view.
The yak bellows!
You hear a bellow! x2
A yak comes into view. 2 yaks come into view.
A yak comes into view.
A yak comes into view.
The yak bellows! x2
You barely miss the yak. The yak gores you!
You slash the yak! You burn the yak.
The yak is heavily wounded.
You block the yak's attack.
You slice the yak!! You burn the yak.
You kill the yak!
Okawaru accepts your kill.
You hit the yak. You burn the yak. The yak gores you!
You slash the yak! You burn the yak.
The yak is moderately wounded.
You barely miss the yak. The yak gores you!
You barely miss the yak. x2; You slash the yak!
You burn the yak. The yak gores you!
* * * LOW HITPOINT WARNING * * *
You block the yak's attack.
You hit the yak but do no damage. x2; You barely miss the yak.
You slash the yak! You burn the yak. The yak gores you.
* * * LOW HITPOINT WARNING * * *
You block the yak's attack. The yak gores you but does no damage.
The yak closely misses you. The yak gores you.
* * * LOW HITPOINT WARNING * * *
Unknown command.
You hit the yak but do no damage. You hit the yak. You burn the yak.
You completely miss the yak. You slice the yak!! You burn the yak.
You slash the yak! You burn the yak! The yak gores you.
You die...

......... ..##
#...>........##
........# ....#
........###..#### .
........##...##.######..
#.......†.#..#...#......
#.....#§......#.#.......
....##.##.......YY...∩..
....§.§§#.......@Y......
...§§§.##.......YY......
....§###....(#####...###
....§.....#.## #.##
.....†..##### ##
........# #.......##
#.......^# ........##


You could see 5 yaks.

Vanquished Creatures
  A hydra (D:9)
  A two-headed ogre (D:8)
  Joseph (D:8)
  A troll (D:8)
  A hornet (D:9)
  8 yaks
  Sigmund (D:6)
  2 steam dragons (D:8)
  Menkaure (D:5)
  An acid dragon (D:7)
  4 water moccasins
  Duvessa (D:5)
  An ice beast (D:9)
  A black bear (D:7)
  2 orc warriors
  3 sky beasts
  2 ogres
  4 centaurs
  A kobold brigand (D:8)
  3 bullfrogs
  A water moccasin zombie (D:9)
  A wyvern skeleton (D:7)
  Dowan (D:5)
  3 killer bees (D:8)
  4 wights (D:8)
  2 howler monkeys (D:7)
  2 bullfrog zombies (D:5)
  2 hounds
  A gnoll shaman (D:8)
  2 bullfrog skeletons (D:6)
  2 jellies (D:4)
  5 orc priests
  2 centaur skeletons
  2 iguanas
  5 orc wizards
  Ijyb (D:5)
  2 howler monkey zombies
  4 adders
  6 gnolls
  A howler monkey skeleton (D:5)
  2 white imps
  A howler monkey simulacrum (D:9)
  4 ufetubi
  2 worms
  2 dart slugs (D:1)
  27 orcs
  4 ball pythons
  5 endoplasms
  5 giant cockroaches
  12 goblins
  5 hobgoblins
  17 jackals
  4 quokkas
  7 bats
  3 frilled lizards
  11 kobolds
  A quokka skeleton (D:4)
  7 rats
208 creatures vanquished.

Vanquished Creatures (others)
  A wight (D:8)
  2 gnolls (D:8)
  2 plants (D:4)
5 creatures vanquished.

Grand Total: 213 creatures vanquished

Notes
Turn   | Place    | Note
-------+----------+-------------------------------------------
     0 | D:1      | mhtbhm the Gargoyle Fighter began the quest for the Orb.
     0 | D:1      | Reached XP level 1. HP: 14/14 MP: 1/1
   137 | D:1      | Reached XP level 2. HP: 19/19 MP: 2/2
   307 | D:1      | Found Liwk's Antique Weapon Boutique.
   638 | D:1      | Reached XP level 3. HP: 23/23 MP: 3/3
   720 | D:1      | Found Zadivac's Jewellery Shop.
  1599 | D:2      | Reached XP level 4. HP: 26/28 MP: 4/4
  1998 | D:3      | Reached skill level 1 in Stealth
  2167 | D:3      | Reached skill level 1 in Dodging
  2167 | D:3      | Reached XP level 5. HP: 15/33 MP: 5/5
  2511 | D:3      | Found an ornate altar of the Wu Jian Council.
  2912 | D:4      | Found a blossoming altar of Fedhas.
  3099 | D:4      | Found Qail's Elemental Accessories.
  3320 | D:4      | Reached XP level 6. HP: 36/38 MP: 6/6
  4217 | D:4      | Reached XP level 7. HP: 35/42 MP: 7/7
  4904 | D:4      | You fall into a shaft and drop 2 floors!
  4909 | D:6      | Reached skill level 5 in Maces & Flails
  4909 | D:6      | Reached skill level 5 in Shields
  5048 | D:6      | Reached skill level 5 in Armour
  5324 | D:6      | Reached XP level 8. HP: 48/48 MP: 8/8
  5763 | D:6      | Noticed Sigmund
  5771 | D:6      | Killed Sigmund
  6562 | D:7      | Reached XP level 9. HP: 51/52 MP: 9/9
  6563 | D:7      | Found Imacw's Distillery.
  6628 | D:7      | Found a shadowy altar of Dithmenos.
  6739 | D:7      | Identified the +7 broad axe "Semajeri" {flame, Str+3 Int-3
                  | Dex+2}
  6793 | D:7      | Found a glowing silver altar of Zin.
  7287 | D:7      | Reached skill level 1 in Axes
  7463 | D:5      | Entered Level 5 of the Dungeon
  7573 | D:5      | Noticed Duvessa
  7579 | D:5      | Noticed Dowan
  7582 | D:5      | Killed Duvessa
  7587 | D:5      | Killed Dowan
  7712 | D:5      | Found a staircase to the Ecumenical Temple.
  7791 | D:5      | Noticed Menkaure
  7798 | D:5      | Killed Menkaure
  7799 | D:5      | Reached skill level 5 in Fighting
  7809 | Temple   | Entered the Ecumenical Temple
  8028 | Temple   | Became a worshipper of Warmaster Okawaru
  8108 | D:5      | Noticed Ijyb
  8113 | D:5      | Killed Ijyb
  8137 | D:5      | HP: 1/54 [iguana (7)]
  8926 | D:8      | Reached * piety under Okawaru
  9166 | D:8      | Reached XP level 10. HP: 44/59 MP: 10/10
  9168 | D:8      | Reached skill level 5 in Axes
  9174 | D:8      | HP: 3/60 [steam dragon] (13)]
  9176 | D:8      | Noticed Joseph
  9187 | D:8      | HP: 2/60 [Joseph/+0 quarterstaff (4)]
  9188 | D:8      | Killed Joseph
  9188 | D:8      | Reached ** piety under Okawaru
  9771 | D:8      | Found a white marble altar of Elyvilon.
  9784 | D:8      | Noticed a two-headed ogre
  9789 | D:8      | Killed a two-headed ogre
  9926 | D:9      | Reached *** piety under Okawaru
  9926 | D:9      | Received a gift from Okawaru
 10452 | D:9      | Noticed a four-headed hydra
 10460 | D:9      | Killed a one-headed hydra
 10461 | D:9      | Reached XP level 11. HP: 45/66 MP: 11/11
 10500 | D:9      | HP: 1/66 [yak (3)]
 10501 | D:9      | Slain by a yak

Illustrated notes

Levels and vault maps discovered:
D:1:      wander_arrival_abandoned_jail, layout_basic, serial_shops, shop,
          nicolae_shop_trees
D:2:      layout_rooms
D:3:      layout_loops_ring, overflow_temple_1_default
D:4:      layout_layer_cave, amcnicky_altar_gilded, nicolae_elemental_shop,
          st_stairs_5, serial_bayou_lagoon_b
D:5:      layout_cave_pools, minmay_temple_entry_statues_pillars,
          minmay_chambers_of_fives, uniq_duvessa, uniq_ijyb, uniq_menkaure
D:6:      layout_basic, uniq_sigmund
D:7:      layout_basic, zin_scriptorium, grunt_dithmenos_smoke_and_mirrors,
          serial_shops, nicolae_shop_trees
D:8:      layout_rooms, overflow_temple_1_default, chequers_avenue,
          minmay_misc_feat_alley, uniq_joseph
D:9:      layout_cross, kennysheep_mini, lemuel_tele_altar, serial_ice,
          serial_ice_i, serial_ice_c, serial_ice_a, serial_ice_g, serial_ice_d,
          serial_ice_b, serial_ice_m, serial_ice_n, gammafunk_ghost_grave,
          uniq_maurice
Temple:   dpeg_chambers_temple

Skill      XL: |  1  2  3  4  5  6  7  8  9 10 11 |
---------------+----------------------------------+-----
Shields        | 4 5 6 7 8 |  8.8
Maces & Flails | 3 4 5 7 |  7.6
Stealth        | 1 |  1.7
Dodging        | 1 2 3 |  3.6
Armour         | 4 5 6 7 8 |  8.0
Fighting       | 4 5 6 |  6.6
Axes           | 4 7 8 |  8.0
Throwing       | |  0.1

Action                   |  1- 3 |  4- 6 |  7- 9 | 10-12 || total
-------------------------+-------+-------+-------+-------++-------
Melee: Flail             |   154 |   166 |   130 |       ||   450
       Broad axe         |       |       |    99 |    85 ||   184
Throw: Throwing net      |       |       |     2 |       ||     2
       Dart              |       |       |     1 |       ||     1
  Use: Potion            |     1 |     4 |     7 |     1 ||    13
       Scroll            |       |       |     5 |     3 ||     8
Armor: Scale mail        |   128 |   100 |   172 |    42 ||   442
Dodge: Dodged            |    58 |    74 |   136 |    46 ||   314
Block: Kite shield       |    95 |    98 |   174 |    73 ||   440

Table legend: (Time is in decaauts)
 A = Elapsed time spent in this place.
 B = Non-inter-level travel time spent in this place.
 C = Inter-level travel time spent in this place.
 D = Time resting spent in this place.
 E = Time spent auto-exploring this place.
 F = Levels seen in this place.
 G = Mean time per level.
                   A        B        C        D        E       F      G
               +--------+--------+--------+--------+--------+-----+--------+
         Total |  10772 |  10673 |     99 |   1977 |   6579 |  10 | 1077.2 |
       Dungeon |  10510 |  10411 |     99 |   1977 |   6350 |   9 | 1167.8 |
        Temple |    261 |    261 |      0 |      0 |    229 |   1 |  261.0 |
               +--------+--------+--------+--------+--------+-----+--------+

Top non-repeatable levels by time:
     D:4: 2313 daAuts
     D:6: 1413 daAuts
     D:8: 1381 daAuts
     D:7: 1256 daAuts
     D:1: 1202 daAuts
     D:3: 1031 daAuts
     D:5: 864 daAuts
     D:2: 793 daAuts
  Temple: 261 daAuts
     D:9: 254 daAuts
